Map: Oceanborn LE

Players

Harstem - Winner!

  • Race: Protoss Protoss
  • Spawn Location: 5:00

Lambo

  • Race: Zerg Zerg
  • Spawn Location: 11:00

Event: ESL Spring 2024 Finals

VOD

Have the link to the VOD?

Description

Time

  • Played on: May 31, 2024, 5:57 p.m.
  • Length: 8:44

All games in this series

Show
View Real Time Build Order
Export as new Build Order

Harstem Protoss - Winner!

Build Orders: 1 Gate Expand, Oracle Opening, Chargelot Immortal 

Get SALT Encoding   

  12  0:00  Probe  
  13  0:12  Probe  
  14  0:21  Pylon  
  14  0:24  Probe  
  15  0:39  Probe (Chrono Boost)  
  15  0:40  Gateway  
  16  0:48  Probe (Chrono Boost)  
  17  0:51  Assimilator  
  17  0:53  Probe (Chrono Boost)  
  18  1:05  Probe  
  19  1:17  Probe  
  20  1:27  Nexus  
  20  1:35  Cybernetics Core  
  20  1:37  Probe  
  21  1:42  Assimilator  
  21  1:49  Probe  
  21  1:52  Pylon  
  22  2:01  Probe  
  23  2:08  Adept (Chrono Boost)  
  23  2:13  Probe  
  26  2:23  Stargate  
  26  2:25  Probe  
  26  2:28  Adept (Chrono Boost)  
  29  2:38  Probe  
  29  2:41  Probe  
  31  2:45  Warp Gate  
  31  2:51  Adept  
  32  2:52  Probe (Chrono Boost)  
  32  2:53  Probe (Chrono Boost)  
  35  3:05  Probe (Chrono Boost)  
  37  3:06  Oracle (Chrono Boost)  
  37  3:07  Probe (Chrono Boost)  
  37  3:10  Probe (Chrono Boost)  
  41  3:14  Probe, Pylon  
  41  3:19  Probe  
  43  3:23  Gateway  
  43  3:26  Probe  
  44  3:31  Probe  
  45  3:37  Oracle (Chrono Boost)  
  45  3:38  Probe  
  49  3:50  Probe  
  49  3:51  Probe  
  49  3:54  Nexus  
  50  3:56  Pylon  
  50  4:02  Assimilator, Probe  
  51  4:04  Probe  
  51  4:05  Assimilator  
  52  4:13  Oracle (Chrono Boost)  
  52  4:14  Probe  
  52  4:15  Pylon  
  52  4:16  Probe  
  57  4:20  Forge  
  57  4:28  Probe  
  58  4:33  Adept x2, Probe  
  58  4:35  Pylon  
  63  4:41  Probe (Chrono Boost)  
  63  4:42  Twilight Council  
  63  4:45  Probe (Chrono Boost)  
  65  4:49  Robotics Facility  
  65  4:52  Shield Battery  
  66  4:53  Probe (Chrono Boost)  
  66  4:56  Probe (Chrono Boost)  
  67  5:00  Probe (Chrono Boost)  
  67  5:01  Sentry  
  67  5:02  Probe (Chrono Boost)  
  67  5:06  Probe (Chrono Boost)  
  72  5:13  Probe (Chrono Boost)  
  74  5:16  Probe x2 (Chrono Boost)  
  74  5:20  Probe (Chrono Boost)  
  76  5:22  Zealot, Probe  
  76  5:23  Probe, Protoss Ground Weapons Level 1  
  76  5:25  Charge  
  80  5:31  Gateway  
  80  5:33  Probe (Chrono Boost)  
  80  5:34  Gateway, Probe (Chrono Boost)  
  82  5:40  Immortal (Chrono Boost)  
  82  5:42  Assimilator  
  87  5:45  Probe (Chrono Boost)  
  87  5:46  Assimilator  
  87  5:48  Probe (Chrono Boost)  
  88  5:50  Pylon  
  88  5:52  Templar Archives, Probe x2 (Chrono Boost)  
  88  5:55  Probe  
  91  5:58  Pylon  
  91  6:03  Probe  
  91  6:04  Probe  
  93  6:09  Probe  
  93  6:10  Psionic Storm  
  94  6:12  Pylon  
  94  6:16  Immortal (Chrono Boost)  
  98  6:21  Probe  
  98  6:22  Probe  
  98  6:24  Gateway  
  98  6:25  Gateway  
  100  6:27  Gateway  
  100  6:29  High Templar  
  100  6:30  High Templar  
  104  6:33  Phoenix, Pylon  
  104  6:36  Pylon  
  106  6:50  Probe  
  106  6:51  Immortal (Chrono Boost)  
  106  6:52  Probe  
  106  6:53  Pylon  
  112  6:56  High Templar  
  112  6:58  Phoenix  
  112  7:00  Shield Battery, Photon Cannon  
  116  7:02  Pylon  
  116  7:08  High Templar  
  116  7:09  Probe  
  116  7:11  Photon Cannon  
  116  7:12  Pylon  
  116  7:14  Shield Battery  
  119  7:16  Probe  
  120  7:23  Phoenix, Probe  
  120  7:25  High Templar  
  120  7:27  Immortal (Chrono Boost)  
  129  7:30  Pylon  
  129  7:35  Probe  
  130  7:47  Zealot x6, Pylon  
  141  7:59  Shield Battery, Sentry  
  141  8:00  Photon Cannon, Immortal (Chrono Boost)  
  147  8:08  Zealot x6  
  153  8:20  Gateway  
  153  8:23  Gateway  
  153  8:26  Zealot  
  137  8:30  Zealot x4  
Show
View Real Time Build Order
Export as new Build Order

Lambo Zerg 

Build Orders: Hatch First 

Get SALT Encoding   

  12  0:00  Drone  
  13  0:12  Overlord  
  13  0:18  Drone  
  14  0:30  Drone x2  
  16  0:48  Hatchery  
  15  0:51  Drone  
  15  0:54  Drone  
  17  0:57  Drone  
  18  1:09  Extractor  
  17  1:13  Spawning Pool  
  17  1:18  Drone  
  17  1:20  Drone  
  18  1:28  Drone  
  19  1:42  Drone  
  20  1:50  Drone  
  21  1:59  Queen  
  21  2:00  Queen  
  25  2:01  Zergling x2, Overlord  
  26  2:09  Metabolic Boost  
  26  2:11  Drone  
  26  2:12  Zergling x2  
  28  2:21  Drone x2  
  30  2:33  Hatchery  
  30  2:34  Drone  
  30  2:41  Queen  
  32  2:46  Overlord  
  32  2:48  Zergling x2  
  33  2:53  Drone  
  33  2:57  Zergling x2  
  33  2:58  Zergling x2  
  36  3:04  Queen  
  38  3:06  Drone  
  38  3:09  Overlord  
  38  3:11  Drone  
  40  3:13  Drone  
  40  3:15  Drone  
  40  3:19  Drone  
  43  3:21  Drone  
  44  3:29  Queen  
  44  3:30  Drone x3  
  49  3:39  Overlord  
  48  3:41  Drone  
  48  3:45  Zergling x8  
  50  3:50  Queen  
  50  3:51  Drone x2  
  54  3:55  Spore Crawler  
  54  3:59  Drone x3  
  54  4:01  Drone  
  57  4:06  Overlord  
  57  4:08  Drone x2  
  59  4:14  Spore Crawler  
  58  4:17  Drone  
  58  4:20  Drone x5  
  64  4:28  Drone x4  
  66  4:32  Drone  
  66  4:33  Drone  
  68  4:39  Drone, Evolution Chamber  
  68  4:40  Roach Warren  
  67  4:46  Hatchery  
  67  4:48  Drone  
  67  4:50  Extractor x2  
  67  4:51  Drone x3  
  67  4:52  Drone  
  69  4:56  Drone x2  
  69  4:58  Zergling x4  
  73  5:04  Overlord  
  73  5:05  Zergling x4  
  74  5:07  Overlord  
  74  5:10  Overlord, Lair  
  74  5:18  Overlord  
  74  5:20  Overlord  
  74  5:23  Spore Crawler  
  74  5:24  Overlord  
  74  5:25  Overlord  
  74  5:27  Drone x2  
  75  5:29  Drone x2  
  75  5:31  Drone x3  
  75  5:35  Drone x2  
  82  5:37  Drone  
  82  5:41  Extractor  
  80  5:43  Drone x4, Extractor  
  80  5:46  Drone, Zerg Missile Weapons Level 1  
  80  5:48  Extractor  
  82  5:51  Drone x4  
  82  5:54  Drone x4  
  90  5:57  Overlord  
  90  6:00  Drone  
  91  6:04  Overlord  
  91  6:07  Glial Reconstitution  
  91  6:12  Drone  
  91  6:14  Drone  
  91  6:15  Roach x3  
  91  6:16  Overseer, Spire  
  97  6:20  Drone  
  97  6:22  Drone x2, Extractor  
  97  6:24  Extractor  
  97  6:25  Spore Crawler  
  97  6:27  Drone  
  97  6:28  Drone x2, Roach  
  97  6:29  Roach x2  
  97  6:32  Roach x2  
  109  6:37  Overlord  
  109  6:41  Roach x4  
  109  6:45  Roach  
  109  6:46  Roach x2  
  123  6:51  Roach  
  123  6:52  Roach x4  
  123  6:53  Overlord  
  131  6:56  Pneumatized Carapace  
  131  7:00  Roach x3  
  137  7:03  Overlord  
  137  7:04  Roach  
  137  7:06  Overlord  
  139  7:12  Roach x4  
  139  7:14  Roach  
  139  7:15  Roach  
  151  7:17  Roach x2  
  151  7:19  Overlord  
  155  7:23  Roach x2  
  155  7:24  Overlord  
  155  7:26  Ravager x5  
  155  7:27  Ravager  
  155  7:28  Ravager  
  166  7:31  Roach  
  170  7:37  Overlord x2, Roach x3  
  170  7:42  Ravager x3  
  170  7:43  Roach  
  170  7:44  Zergling x6  
  181  7:45  Zergling x2  
  181  7:46  Zergling x2  
  181  7:50  Zergling x8  
  188  7:51  Ravager x2  
  188  7:55  Roach  
  188  7:56  Ravager  
  192  8:05  Zergling x18  
  192  8:06  Zergling x4  
  192  8:10  Roach  
  199  8:17  Roach x2  
  199  8:19  Ravager x3  
  200  8:20  Roach x2  
  198  8:34  Ravager x2  
Tags
 
Add a new tag
Caveats
  • Supply blocks, unpowered buildings, or Contaminate may cause inaccurate times.
  • Supply counts are checked every 10 seconds.